[Event "Late-Titled-Tuesday-Blitz-August-29-2023"]
[Site "Chess.com"]
[Date "2023.08.29"]
[Round "9"]
[White "Beca95"]
[Black "GM_dmitrij"]
[Result "1-0"]
[WhiteElo "2968"]
[BlackElo "3048"]
[TimeControl "180+1"]
[EndTime "15:42:04 PDT"]
[Termination "Beca95 won by checkmate"]

1. d4 d5 2. Nf3 Nf6 3. c4 e6 4. Nc3 c6 5. Bg5 h6 6. Bxf6 Qxf6 7. a3 Nd7 8. e4 dxe4 9. Nxe4 Qd8 10. c5 Nf6 11.
Nxf6+ Qxf6 12. Bd3 g6 13. O-O Bg7 14. Qe2 O-O 15.
Rad1 Rd8 16. Be4 Qe7 17. b4 e5 18. Nxe5 Bxe5 19. dxe5 Rxd1 20. Rxd1 Qxe5 21. Rd8+ Kg7 22.
Qd3 a5 23. bxa5 Qxc5 24. h4 Qc1+ 25. Qf1 Qxa3 26. Qd1 Qc3 27. Qd6 Qe1+ 28. Kh2 Qxe4 29. f4 Bh3 30. Qf8+ Kf6 31. Qd6+ Kf5 32. Kxh3 Rxd8 33.
g4# 1-0

[Event "Late-Titled-Tuesday-Blitz-August-29-2023"]
[Site "Chess.com"]
[Date "2023.08.29"]
[Round "9"]
[White "ZuraTqebuchava"]
[Black "DampFalcon"]
[Result "1-0"]
[WhiteElo "2186"]
[BlackElo "2351"]
[TimeControl "180+1"]
[EndTime "15:42:04 PDT"]
[Termination "ZuraTqebuchava won by checkmate"]

1. e4 c5 2. Nf3 g6 3. c3 d5 4. Bb5+ Nc6 5. Bxc6+ bxc6 6. d3 Bg7 7. O-O Nf6 8. Qe2 O-O 9. h3 Ba6 10. e5 Nd7 11. e6 fxe6 12. Qxe6+ Kh8 13. Ng5 Bxd3 14. Rd1 Rf6 15. Qxf6 exf6 16. Nf7+ Kg8 17. Nxd8 Bxb1 18. Nxc6 Be4 19. Ne7+ Kf7 20. Nxd5 Ne5 21.
Be3 Nc4 22. b3 Nxe3 23. Nxe3 f5 24. Rd7+ Kg8 25. Rad1 Bxc3 26. Rd8+ Rxd8 27. Rxd8+ Kf7 28. Rd7+ Ke6 29. Rxa7 f4 30. Nc4 h5 31. Ra6+ Kd5 32. Rd6# 1-0

[Event "Late-Titled-Tuesday-Blitz-August-29-2023"]
[Site "Chess.com"]
[Date "2023.08.29"]
[Round "9"]
[White "ahkashefi2800"]
[Black "stasOR4ik"]
[Result "1-0"]
[WhiteElo "2589"]
[BlackElo "2472"]
[TimeControl "180+1"]
[EndTime "15:42:07 PDT"]
[Termination "ahkashefi2800 won on time"]

1. d4 d5 2. Nf3 Nf6 3. Bg5 Ne4 4. Bf4 Nd7 5. c4 c6 6. e3 e6 7. Nfd2 f5 8. Nxe4 fxe4 9. Nc3 Bb4 10. Qb3 Be7 11. Be2 O-O 12. cxd5 cxd5 13. O-O a6 14. Rac1 b5 15. Bh5 Nb6 16. Nxe4 dxe4 17. Bc7 Qd5 18.
Bxb6 Qxh5 19. Bc5 Rf7 20. Bxe7 Rxe7 21. Rc5 Qe2 22. Rfc1 Bb7 23. R5c2 Qd3 24. Rc3 Qe2 25. R3c2 Qh5 26. a4 h6 27. Rc5 Bd5 28. Qa3 Rf7 29.
axb5 axb5 30. Qxa8+ Kh7 31. Qe8 Qf5 32. R1c2 b4 33.
Qb5 b3 34. Rd2 Qg4 35. h3 Qg5 36. Qe8 Rf6 37. Qd8 h5 38. Rc8 h4 39. Qh8+ Kg6 40.
Rf8 Bc4 41. Rxf6+ Qxf6 42. Qe8+ Qf7 43. Qxf7+ Kxf7 44. Rd1 Bd3 45. Ra1 Kf6 46. Ra5 g5 47. Re5 Bc2 48. Rb5 Bd3 49. Rxb3 1-0

[Event "Late-Titled-Tuesday-Blitz-August-29-2023"]
[Site "Chess.com"]
[Date "2023.08.29"]
[Round "9"]
[White "jk13"]
[Black "reevecanada"]
[Result "1-0"]
[WhiteElo "2682"]
[BlackElo "2542"]
[TimeControl "180+1"]
[EndTime "15:42:09 PDT"]
[Termination "jk13 won by checkmate"]

1. e4 c5 2. c3 Nf6 3. e5 Nd5 4. Bc4 e6 5. d4 Nb6 6. Bb3 cxd4 7.
cxd4 d6 8. Qe2 Nc6 9. Nf3 Be7 10. O-O O-O 11. Nc3 a5 12. a3 a4 13. Ba2 d5 14.
Bb1 Na5 15. Qd3 g6 16. Bh6 Re8 17. Bc2 Bd7 18. Rad1 Nbc4 19. Bc1 b5 20. h4 Nb3 21. Bxb3 axb3 22. Bg5 Nxb2 23. Qe3 Nxd1 24. Rxd1 Rxa3 25. Nb1 Ra1 26. Qxb3 b4 27. Qb2 Qa5 28. Bxe7 Rxe7 29.
h5 Bb5 30. Qc1 Be2 31. Qc8+ Kg7 32. h6+ Kxh6 33. Qf8+ Kh5 34. Qxe7 Bxf3 35. gxf3 Qa4 36. Rf1 Qb3 37. Nd2 Rxf1+ 38. Nxf1 Qxf3 39. Qxb4 Kg4 40. Nh2+ Kf4 41. Nxf3 Kxf3 42. Qd2 Kg4 43. Kg2 Kh5 44. Qe3 g5 45. Qf3+ Kg6 46. Qf6+ Kh5 47. Kg3 g4 48. Kf4 h6 49. Qxf7+ Kh4 50. Qxe6 Kh5 51.
Qf5+ Kh4 52. Qxg4# 1-0

[Event "Late-Titled-Tuesday-Blitz-August-29-2023"]
[Site "Chess.com"]
[Date "2023.08.29"]
[Round "9"]
[White "jefferyx"]
[Black "Durarbayli"]
[Result "1-0"]
[WhiteElo "3023"]
[BlackElo "2897"]
[TimeControl "180+1"]
[EndTime "15:42:13 PDT"]
[Termination "jefferyx won by resignation"]

1. e4 c5 2. Nf3 d6 3. Nc3 Nf6 4.
d4 cxd4 5. Qxd4 Nc6 6. Qd3 g6 7. Nd5 Bg7 8. c3 Nd7 9. Be2 Rb8 10. O-O b5 11. Rd1 O-O 12. Bg5 Re8 13. Qe3 a5 14.
Rac1 a4 15. b4 axb3 16. axb3 Nc5 17. b4 Ne6 18. Bh4 Bd7 19. h3 Rb7 20. Bg3 Qb8 21.
Ra1 Nc7 22. Bf1 Nxd5 23. exd5 Ne5 24. Nxe5 Bxe5 25. Bxe5 dxe5 26. Ra6 Rc8 27. d6 exd6 28. Raxd6 Be6 29. Qxe5 Rd7 30. Bxb5 Rxd6 31. Rxd6 Rxc3 32. Qxc3 Qxd6 33. Be2 h5 34. b5 Qb6 35. Qe5 Kf8 36.
Bf3 Ke7 37. Bc6 Qd8 38. Qg5+ f6 39. Qxg6 Qd1+ 40. Kh2 h4 41. Qh7+ 1-0

[Event "Late-Titled-Tuesday-Blitz-August-29-2023"]
[Site "Chess.com"]
[Date "2023.08.29"]
[Round "9"]
[White "Ducke13"]
[Black "giomar27"]
[Result "1-0"]
[WhiteElo "2429"]
[BlackElo "2269"]
[TimeControl "180+1"]
[EndTime "15:42:13 PDT"]
[Termination "Ducke13 won by resignation"]

1. d4 Nf6 2. g3 d5 3. Nf3 c5 4. Bg2 Nc6 5. O-O e6 6. c4 Be7 7. cxd5 exd5 8. dxc5 Bxc5 9. a3 O-O 10. b4 Bb6 11. Nc3 d4 12. Na4 Bc7 13. Bb2 Re8 14.
Nxd4 Ne5 15. Nc5 Nc4 16. Bc3 Nd5 17. Rc1 Nxa3 18. Bb2 b6 19. Nd3 Bg4 20. Bxa3 Rc8 21. h3 Bh5 22. g4 Qd6 23. Nf3 Bg6 24. Qb3 Be4 25. b5 Qg6 26. Rfd1 h5 27. Nh4 Qf6 28. Bxe4 Qxh4 29. Qxd5 hxg4 30. hxg4 Rcd8 31. Qh5 Bh2+ 32.
Kg2 Qxh5 33. gxh5 Bb8 34. f3 f5 35. Bxf5 Rxe2+ 36. Kh3 Ra2 37. Bb4 Rf8 38. Be6+ Kh8 39.
Bxf8 1-0

[Event "Late-Titled-Tuesday-Blitz-August-29-2023"]
[Site "Chess.com"]
[Date "2023.08.29"]
[Round "9"]
[White "psychokiller48"]
[Black "Alphafischer2019"]
[Result "0-1"]
[WhiteElo "2671"]
[BlackElo "2550"]
[TimeControl "180+1"]
[EndTime "15:42:15 PDT"]
[Termination "Alphafischer2019 won by resignation"]

1. d4 Nf6 2. c4 c5 3. d5 b5 4. Nd2 g6 5. e4 d6 6. Bd3 bxc4 7. Nxc4 Bg7 8. Nf3 O-O 9. O-O Na6 10.
Re1 Nc7 11. h3 a5 12. Bf4 Nd7 13. Qd2 Nb5 14. e5 dxe5 15. Ncxe5 Nxe5 16. Nxe5 Nd4 17. Bc4 Bb7 18. Nc6 Nxc6 19. dxc6 Bxc6 20. Qxd8 Rfxd8 21.
Rxe7 Bd5 22. Bxd5 Rxd5 23. Rb1 h5 24. b3 Bf6 25. Rc7 Kg7 26. Be3 Bd4 27. Bxd4+ cxd4 28. Rd1 a4 29. Rd3 axb3 30. axb3 h4 31. Rc4 Rad8 32. Kf1 Kf6 33. Ke2 Ke5 34. Kd2 Ra8 35. Rf3 f5 36.
g3 hxg3 37. Rxg3 Rd6 38. Rc5+ Ke4 39. Rg1 Ra2+ 40. Rc2 Rxc2+ 41. Kxc2 Kf3 42. Kd3 Kxf2 43. Rb1 Kg3 44. b4 f4 45. b5 f3 46. b6 f2 47. b7 Rd8 48. Ke2 Kg2 0-1

[Event "Late-Titled-Tuesday-Blitz-August-29-2023"]
[Site "Chess.com"]
[Date "2023.08.29"]
[Round "9"]
[White "Petukhov_Dmitry"]
[Black "19912131712118"]
[Result "0-1"]
[WhiteElo "2510"]
[BlackElo "2433"]
[TimeControl "180+1"]
[EndTime "15:42:15 PDT"]
[Termination "19912131712118 won by resignation"]

1. e4 c5 2. c3 e6 3. d4 cxd4 4. cxd4 d5 5. e5 Nc6 6. Nf3 Be7 7. Nc3 h5 8. h4 Nh6 9. Bg5 a6 10. Bd3 Bd7 11. Qd2 Nb4 12. Bb1 Rc8 13. a3 Nc6 14.
Bd3 Na5 15. Rd1 Nc4 16. Qe2 b5 17. O-O a5 18. Rc1 b4 19. axb4 axb4 20. Nb1 Na5 21. Nbd2 Ng4 22. Rxc8 Qxc8 23. Bxe7 Kxe7 24. Ng5 f6 25.
exf6+ gxf6 26. Nh3 Qc7 27. g3 Rg8 28. Nf4 Kf7 29.
Nxh5 Nc6 30. Nb3 e5 31. Bh7 Rh8 32. Qc2 e4 33. Nf4 Rxh7 34. Nxd5 Qd6 35. Qxe4 f5 36.
Qf3 Be6 37. Ne3 Nxe3 38. fxe3 Rg7 39. Qxf5+ Bxf5 40. Rf3 Rxg3+ 0-1

[Event "Late-Titled-Tuesday-Blitz-August-29-2023"]
[Site "Chess.com"]
[Date "2023.08.29"]
[Round "9"]
[White "Alexander_Moskalenko"]
[Black "HansOnTwitch"]
[Result "0-1"]
[WhiteElo "2822"]
[BlackElo "2991"]
[TimeControl "180+1"]
[EndTime "15:42:17 PDT"]
[Termination "HansOnTwitch won on time"]

1. d4 Nf6 2. Bg5 Nc6 3. Nc3 e5 4. dxe5 Nxe5 5. Nd5 Be7 6. Nxe7 Qxe7 7. Qd4 d6 8. Nf3 h6 9. Bh4 g5 10. Bg3 Nc6 11.
Qc3 Rg8 12. e3 Ne4 13. Qb3 h5 14. h4 g4 15. Nd2 Nxg3 16. fxg3 Qe5 17. O-O-O Na5 18.
Qb4 Be6 19. Bb5+ Nc6 20. Qa4 Bd7 21. Rhf1 a6 22. Bc4 d5 23. Bd3 O-O-O 24. Qf4 f6 25. Qxe5 fxe5 26. Rf6 e4 27. Be2 Rdf8 28. Rdf1 Rxf6 29.
Rxf6 Ne7 30. Rf7 Kd8 31. c4 Be8 32. Rf6 c6 0-1

[Event "Late-Titled-Tuesday-Blitz-August-29-2023"]
[Site "Chess.com"]
[Date "2023.08.29"]
[Round "9"]
[White "Cipy77"]
[Black "KaydenTroffChess"]
[Result "0-1"]
[WhiteElo "2553"]
[BlackElo "2788"]
[TimeControl "180+1"]
[EndTime "15:42:21 PDT"]
[Termination "KaydenTroffChess won by resignation"]

1. e4 c5 2. Nf3 g6 3. d4 cxd4 4. Nxd4 Bg7 5. Nc3 Nc6 6. Be3 Nf6 7. Bc4 O-O 8. Bb3 Re8 9. O-O d6 10. h3 Na5 11. Qe2 a6 12. f4 b5 13. e5 Nxb3 14. axb3 Nh5 15. Qf3 Rb8 16. Nc6 Bb7 17. Nxd8 Bxf3 18.
Rxf3 Rexd8 19. g4 Nxf4 20. Bxf4 dxe5 21. Bg3 b4 22. Ne4 Rbc8 23. c3 Rc6 24. cxb4 Rb6 25. Nc5 Rxb4 26. Nxa6 Rb5 27. Nc7 Rb7 28. Rc1 e4 29. Rf2 Bd4 30. Kg2 Bxf2 31. Kxf2 Rxb3 32. Rc2 Rdd3 33. Be5 f6 34. Bc3 Rxh3 35. Nd5 Rh2+ 36. Ke3 Rxc2 37. Nxe7+ Kf7 38. Nd5 Rcxb2 39. Kxe4 Rxc3 40.
Nxc3 Rb4+ 0-1

[Event "Late-Titled-Tuesday-Blitz-August-29-2023"]
[Site "Chess.com"]
[Date "2023.08.29"]
[Round "9"]
[White "nihalsarin"]
[Black "kingofthenil"]
[Result "1-0"]
[WhiteElo "3108"]
[BlackElo "2713"]
[TimeControl "180+1"]
[EndTime "15:42:22 PDT"]
[Termination "nihalsarin won by resignation"]

1. b4 g6 2. Bb2 Nf6 3. g3 Bg7 4. Bg2 O-O 5. c4 e6 6. Nf3 d5 7. cxd5 exd5 8. O-O Re8 9. d3 c6 10. Nbd2 a5 11. a3 axb4 12. axb4 Rxa1 13. Bxa1 Qb6 14.
Bc3 Na6 15. e3 Nxb4 16. Qb3 c5 17. d4 Qc7 18. dxc5 Na6 19. Qb2 Nh5 20. Rc1 Nxc5 21. Bxg7 Nxg7 22. Nd4 Rd8 23. Qa3 b6 24. N2b3 Nge6 25.
h4 Qd6 26. h5 gxh5 27. Nf5 Qe5 28. Ne7+ Kf8 29. Nc6 Qd6 30. Nxd8 Qxd8 31. Nd4 Kg8 32. Qa8 Bb7 33. Qxd8+ Nxd8 34. Rb1 Nd7 35. Rb5 Ne6 36.
Bxd5 Nc7 37. Bxb7 Nxb5 38. Nxb5 Ne5 39. Bd5 Kg7 40. Kg2 h4 41. gxh4 Ng6 42. Kg3 Ne7 43.
Be4 f5 44. Bd3 Kf6 45. f4 Nd5 46. Kf3 Ne7 47. Nd4 h5 48. Nxf5 Nxf5 49. Bxf5 Kxf5 50. e4+ Ke6 51. Ke3 Kd6 52. Kd4 Ke6 53. f5+ Kd6 54.
e5+ Kc6 55. f6 Kd7 56. Kd5 b5 57. e6+ Ke8 58. Kc5 b4 59. Kxb4 1-0

[Event "Late-Titled-Tuesday-Blitz-August-29-2023"]
[Site "Chess.com"]
[Date "2023.08.29"]
[Round "9"]
[White "MarcoRiehle"]
[Black "Zhigalko_Sergei"]
[Result "1-0"]
[WhiteElo "2845"]
[BlackElo "2915"]
[TimeControl "180+1"]
[EndTime "15:42:24 PDT"]
[Termination "MarcoRiehle won on time"]

1. e4 c5 2. a3 e5 3. Nc3 Nf6 4. Bc4 Nc6 5. d3 Be7 6. f4 exf4 7. Bxf4 d6 8. Nf3 O-O 9. O-O Be6 10. Nd5 Bxd5 11. Bxd5 Nxd5 12. exd5 Nb8 13. c4 Nd7 14.
Qd2 Re8 15. b4 Bf6 16. Rae1 Rxe1 17. Rxe1 cxb4 18. axb4 a5 19. bxa5 Nc5 20. Rb1 Rxa5 21. d4 Na6 22. Bxd6 h6 23. c5 Ra4 24. h3 Qc8 25. Kh2 Ra3 26. Qf4 Ra4 27. Qe4 Rb4 28. Rxb4 Nxb4 29. c6 Na6 30. Ne5 b5 31. Nd7 b4 32.
Qg4 Kh8 33. Nxf6 Qxg4 34. Nxg4 b3 35. Ba3 h5 36. Ne3 Nc7 37. d6 Ne6 38. c7 Nxc7 39.
dxc7 Kh7 40. c8=Q Kg6 41. Qf5+ Kh6 42. Bc1 1-0

[Event "Late-Titled-Tuesday-Blitz-August-29-2023"]
[Site "Chess.com"]
[Date "2023.08.29"]
[Round "9"]
[White "Rinqed222"]
[Black "tarno17"]
[Result "1-0"]
[WhiteElo "2216"]
[BlackElo "2167"]
[TimeControl "180+1"]
[EndTime "15:42:25 PDT"]
[Termination "Rinqed222 won by resignation"]

1. e4 c5 2. Nc3 Nc6 3. Bb5 a6 4. Bxc6 bxc6 5. d3 e6 6. f4 d5 7. Nf3 a5 8. O-O Ba6 9. Qe1 c4 10. d4 Bb4 11. f5 Nf6 12. fxe6 fxe6 13. Ng5 Qe7 14. e5 Ne4 15. Rf7 Qxf7 16. Nxf7 Kxf7 17. Qf1+ Kg6 18. Nxe4 dxe4 19. c3 Rhf8 20. Qe2 Be7 21.
Qxe4+ Kf7 22. Be3 Kg8 23. Rf1 Rxf1+ 24. Kxf1 Rf8+ 25. Ke2 Bb7 26. g4 h6 27. Qg6 Rf7 28.
Qxe6 Bc8 29. Qxc8+ Bf8 30. Qxc6 Re7 31. Qxc4+ Kh8 32. e6 Re8 33. d5 Re7 34. d6 Re8 35. e7 Rd8 36. exd8=Q 1-0

[Event "Late-Titled-Tuesday-Blitz-August-29-2023"]
[Site "Chess.com"]
[Date "2023.08.29"]
[Round "9"]
[White "egnfanclub"]
[Black "Piotrek1979"]
[Result "0-1"]
[WhiteElo "2317"]
[BlackElo "2465"]
[TimeControl "180+1"]
[EndTime "15:42:26 PDT"]
[Termination "Piotrek1979 won by resignation"]

1. e4 d6 2. Nc3 Nf6 3. f4 Nc6 4. Nf3 Bg4 5. Bb5 g6 6. h3 Bxf3 7. Qxf3 Nd7 8. Bxc6 bxc6 9. O-O Bg7 10. d3 O-O 11.
Be3 Rb8 12. Rab1 c5 13. Qf2 c6 14. d4 cxd4 15. Bxd4 Bxd4 16. Qxd4 Qb6 17. Ne2 a5 18.
Kh2 Qxd4 19. Nxd4 Rb6 20. b3 Rfb8 21. f5 Ne5 22. fxg6 hxg6 23. Nf3 Nd7 24. Ng5 f6 25. Ne6 a4 26. Rbd1 Ra8 27. Rd4 c5 28. Rxa4 Rxa4 29. bxa4 Rb4 30. a5 Ra4 31. Nc7 Rxa2 32. a6 Nb8 33.
Rb1 Nxa6 34. Nd5 Nb4 35. Nxe7+ Kf7 36. Nd5 Nxd5 37. exd5 Rxc2 38. Rb6 Ke7 39. Rb7+ Kd8 40. Rf7 Rf2 41. Kg1 Rf5 42. g4 Rxd5 43. Rxf6 g5 44.
Rf7 c4 45. Kf2 c3 46. Rf3 c2 47. Rc3 Rc5 0-1

[Event "Late-Titled-Tuesday-Blitz-August-29-2023"]
[Site "Chess.com"]
[Date "2023.08.29"]
[Round "9"]
[White "LastGladiator1"]
[Black "DanielNaroditsky"]
[Result "0-1"]
[WhiteElo "2914"]
[BlackElo "3104"]
[TimeControl "180+1"]
[EndTime "15:42:27 PDT"]
[Termination "DanielNaroditsky won by resignation"]

1. e4 c5 2. Nf3 d6 3. Bb5+ Nd7 4. O-O a6 5. Bxd7+ Bxd7 6. Re1 Nf6 7. d4 cxd4 8. Nxd4 e5 9. Nf5 Nxe4 10. Nxg7+ Bxg7 11. Rxe4 Bc6 12. Rg4 Bf6 13. c4 h5 14. Rg3 h4 15.
Rg4 h3 16. g3 d5 17. cxd5 Qxd5 18. Qxd5 Bxd5 19. Nc3 Bf3 20. Rb4 Be7 21. Rb6 Bc5 22.
Rf6 Bc6 23. Rf5 O-O-O 24. Bg5 Rd3 25. Bf6 Re8 26. Re1 Bd4 27. Rh5 Rd2 28. Rf1 Bg2 29. Bg5 Rxb2 30. Nd1 Rb1 31. Re1 Bf3 32. Rh4 Rxd1 0-1

[Event "Late-Titled-Tuesday-Blitz-August-29-2023"]
[Site "Chess.com"]
[Date "2023.08.29"]
[Round "9"]
[White "RIPOL"]
[Black "Fan_Of_Chucky"]
[Result "0-1"]
[WhiteElo "2411"]
[BlackElo "2505"]
[TimeControl "180+1"]
[EndTime "15:42:27 PDT"]
[Termination "Fan_Of_Chucky won by checkmate"]

1. d4 Nf6 2. Bg5 c5 3. Bxf6 gxf6 4. d5 Qb6 5. Qc1 Bh6 6. e3 d6 7. c4 Nd7 8. Nc3 Ne5 9. h3 Ng6 10. Nf3 Bd7 11. Bd3 O-O-O 12. Qc2 Rhg8 13. g4 e6 14. a3 Bg7 15. Rb1 Ne7 16. Bxh7 Rh8 17. Be4 f5 18. gxf5 exf5 19. Bd3 f4 20. Ng5 fxe3 21.
Nxf7 exf2+ 22. Kf1 Rxh3 23. Rxh3 Bxh3+ 24. Kxf2 Rf8 25. Kg3 Rxf7 26. Kxh3 Be5 27. Qe2 Rg7 28. Qh5 Rg3+ 29. Kh4 Rxd3 30. Rf1 Qd8 31. Qg4+ Nf5+ 32. Kh5 Qh8+ 33.
Kg6 Qf6+ 34. Kh7 Qh8+ 35. Kg6 Qf6+ 36. Kh7 Qf7+ 37. Qg7 Rh3# 0-1

[Event "Late-Titled-Tuesday-Blitz-August-29-2023"]
[Site "Chess.com"]
[Date "2023.08.29"]
[Round "9"]
[White "jamengrand"]
[Black "Der_Honigdachs"]
[Result "0-1"]
[WhiteElo "2363"]
[BlackElo "2520"]
[TimeControl "180+1"]
[EndTime "15:42:28 PDT"]
[Termination "Der_Honigdachs won on time"]

1. c4 g6 2. g3 Bg7 3. Bg2 d6 4. Nc3 e5 5. Rb1 a5 6. a3 Ne7 7.
b4 axb4 8. axb4 O-O 9. h4 h6 10.
d3 f5 11. Bb2 f4 12. gxf4 exf4 13. Nd5 Bxb2 14. Rxb2 Nbc6 15. Nf3 Nxd5 16. cxd5 Qf6 17.
Rc2 Nxb4 18. Rc1 Nxd5 19. Kf1 c6 20. Nd2 Be6 21. Ne4 Qe7 22. Bf3 Kh7 23. Qd2 Bf5 24. Qb2 Qg7 25. Qxg7+ Kxg7 26. Nxd6 Rfb8 27. Bxd5 cxd5 28.
Rc7+ Kf6 29. Nxf5 Kxf5 30. Kg2 Ra2 31. Kf3 g5 32. hxg5 hxg5 33. Rg1 Rh8 34. Rf7+ Ke6 35.
Rg7 Rh3+ 36. Kg4 Rh2 37. Rxb7 Rxe2 38. Kxg5 Rexf2 39. Rb6+ Ke5 40. Re1+ Kd4 41. Rb4+ Kxd3 42. Rxf4 d4 43. Rxf2 Rxf2 44. Kg4 Kd2 45. Ra1 d3 46. Kg3 Rf8 0-1

[Event "Late-Titled-Tuesday-Blitz-August-29-2023"]
[Site "Chess.com"]
[Date "2023.08.29"]
[Round "9"]
[White "miraitrunks"]
[Black "Fore_Man"]
[Result "1-0"]
[WhiteElo "2037"]
[BlackElo "2279"]
[TimeControl "180+1"]
[EndTime "15:42:28 PDT"]
[Termination "miraitrunks won by checkmate"]

1. e4 Nc6 2. d4 e5 3. Nf3 exd4 4.
Nxd4 Bc5 5. Nxc6 dxc6 6. Qxd8+ Kxd8 7. Bc4 Ke8 8. O-O Nf6 9. e5 Nd5 10. Nd2 Nb6 11. Bd3 Be6 12. Ne4 Be7 13. b3 c5 14.
c4 Rd8 15. Bc2 Kd7 16. Be3 Kc6 17.
Nxc5 Bxc5 18. Be4+ Nd5 19. cxd5+ Bxd5 20. Bxd5+ Rxd5 21. Rac1 Kb5 22. Bf4 Rhd8 23. g4 c6 24. Rc4 Rd4 25.
Rfc1 Rd1+ 26. Kg2 Rxc1 27. Rxc1 Rd4 28. Kf3 Rd3+ 29. Ke4 Rd4+ 30. Kf3 Rd5 31. Rc4 h6 32. h4 a5 33. g5 hxg5 34. hxg5 g6 35. Re4 Ka6 36.
e6 fxe6 37. Rxe6 Rf5 38. Rxg6 Bxf2 39. Kxf2 Rxf4+ 40. Kg3 Rd4 41. Rg8 Rd2 42. g6 Rd1 43. Kf2 Rd2+ 44. Kf3 Rd1 45. Kf2 Rd2+ 46. Kf3 Rd1 47.
g7 Rg1 48. Ra8+ Kb5 49. g8=Q Rxg8 50. Rxg8 a4 51. Ke3 axb3 52. axb3 Kb4 53. Rb8 b5 54.
Rc8 Kxb3 55. Rxc6 b4 56. Kd3 Kb2 57. Rb6 b3 58. Kc4 Ka2 59. Rxb3 Ka1 60. Kc3 Ka2 61. Rb8 Ka1 62. Kc2 Ka2 63. Ra8# 1-0

[Event "Late-Titled-Tuesday-Blitz-August-29-2023"]
[Site "Chess.com"]
[Date "2023.08.29"]
[Round "9"]
[White "NotFischer"]
[Black "garfield_pg"]
[Result "1-0"]
[WhiteElo "2266"]
[BlackElo "2376"]
[TimeControl "180+1"]
[EndTime "15:42:30 PDT"]
[Termination "NotFischer won on time"]

1. e4 c5 2. Nf3 Nc6 3. Bb5 g6 4. Bxc6 dxc6 5. d3 Bg7 6. O-O Nf6 7. Nbd2 Nd7 8. Re1 e5 9. b3 Qe7 10. a4 a5 11. Bb2 O-O 12. Nc4 b6 13. Qd2 Rb8 14.
Rad1 Rd8 15. Qc1 f6 16. Qa1 Nf8 17. c3 Bg4 18. d4 cxd4 19. cxd4 Bxf3 20. gxf3 exd4 21.
Bxd4 c5 22. Bc3 Ne6 23. Rxd8+ Rxd8 24. Nxb6 Ng5 25. Re3 Qe6 26. Nd5 Nh3+ 27. Kf1 Qa6+ 28. Kg2 Qe6 29. Qd1 Rxd5 30. exd5 Nf4+ 31. Kf1 Qa6+ 32. Kg1 Qc8 33. Qf1 Nxd5 34. Qc4 Qc6 35. Rd3 1-0

[Event "Late-Titled-Tuesday-Blitz-August-29-2023"]
[Site "Chess.com"]
[Date "2023.08.29"]
[Round "9"]
[White "djano"]
[Black "I_am_Javi"]
[Result "1-0"]
[WhiteElo "2593"]
[BlackElo "2745"]
[TimeControl "180+1"]
[EndTime "15:42:31 PDT"]
[Termination "djano won by checkmate"]

1. e4 e5 2. Nf3 Nc6 3. Bc4 g6 4. d4 exd4 5. Nxd4 Bg7 6. Be3 Nge7 7. Nc3 O-O 8. h4 Ne5 9. Qe2 Nxc4 10. Qxc4 d5 11. exd5 Bg4 12. f3 Nf5 13. Nxf5 Bxf5 14. O-O-O Re8 15. Bd4 Bh6+ 16. Kb1 a6 17. g4 b5 18. Qf1 Bd7 19. h5 Qg5 20. hxg6 hxg6 21. Qh3 Kh7 22. Bf6 Qxf6 23. Qxh6+ Kg8 24. Qh7+ Kf8 25.
Ne4 Qg7 26. Qh2 Rac8 27. g5 Bf5 28. Nf6 Re3 29. Qh8+ Qxh8 30. Rxh8+ Ke7 31. d6+ cxd6 32. Rxc8 Bxc8 33. Nd5+ Ke6 34. Nxe3 Bb7 35. f4 Be4 36. Kc1 d5 37. c3 Kd6 38. Nc2 Kc5 39. Nd4 a5 40. a3 b4 41. axb4+ axb4 42. Kd2 bxc3+ 43. bxc3 Kd6 44. Ke3 Ke7 45. Ra1 Kf8 46. Ra7 Kg7 47. Nc6 Bf5 48. Nd8 Kg8 49. Nxf7 Kf8 50. Nd6 Be6 51. Kd4 Kg8 52. Ke5 Kh8 53. Kf6 Bg8 54. Nf7+ Kh7 55. Ne5+ Kh8 56. Nxg6# 1-0

[Event "Late-Titled-Tuesday-Blitz-August-29-2023"]
[Site "Chess.com"]
[Date "2023.08.29"]
[Round "9"]
[White "Tejas_Rama"]
[Black "Kombinator01"]
[Result "1-0"]
[WhiteElo "2555"]
[BlackElo "2446"]
[TimeControl "180+1"]
[EndTime "15:42:33 PDT"]
[Termination "Tejas_Rama won by resignation"]

1. d4 Nf6 2. c4 c5 3. d5 b5 4. a4 b4 5. b3 d6 6. Bb2 g6 7.
Nd2 Bg7 8. g3 O-O 9. Bg2 a5 10.
Ngf3 Re8 11. O-O Nbd7 12. Qc2 Ng4 13. Rae1 Nde5 14. Nxe5 Nxe5 15. f4 Ng4 16. e4 e5 17.
dxe6 Bxe6 18. Bxg7 Kxg7 19. f5 Bd7 20. e5 Rxe5 21.
Rxe5 Nxe5 22. Bxa8 Qxa8 23. f6+ Kg8 24. Qe4 Bc6 25.
Qe3 h5 26. Qh6 Qf8 27. Qxf8+ Kxf8 28. h3 Nd7 29. Rf4 d5 30. cxd5 Bxd5 31. Nc4 g5 32. Rf5 Bxc4 33. bxc4 g4 34. Rxh5 Nxf6 35. Rxc5 Ne4 36.
Rxa5 Nc3 37. Ra8+ Ke7 38. Rb8 gxh3 39. Rxb4 Ne2+ 40. Kh2 Nd4 41. Kxh3 Nc6 42. Rb6 Nd4 43. c5 Kd7 44. Rd6+ 1-0

[Event "Late-Titled-Tuesday-Blitz-August-29-2023"]
[Site "Chess.com"]
[Date "2023.08.29"]
[Round "9"]
[White "Mikhail_Golubev"]
[Black "Sanan_Sjugirov"]
[Result "0-1"]
[WhiteElo "2598"]
[BlackElo "2859"]
[TimeControl "180+1"]
[EndTime "15:42:34 PDT"]
[Termination "Sanan_Sjugirov won on time"]

1. e4 c5 2. Nf3 e6 3. d4 cxd4 4. Nxd4 a6 5. Bd3 Bc5 6. Be3 d6 7. O-O Nf6 8. e5 Nd5 9. exd6 Nxe3 10. fxe3 Bxd6 11. Nc3 Qh4 12. Nf3 Qe7 13. Ne4 Bc7 14.
Neg5 f5 15. e4 h6 16. Nh3 O-O 17. exf5 exf5 18. Bc4+ Kh8 19. Kh1 Nc6 20. c3 Qf6 21. Qe1 Bd7 22. Rd1 Rae8 23. Qd2 Bc8 24. Nf4 Bxf4 25.
Qxf4 Re4 26. Qxe4 fxe4 27. Nh4 Qxf1+ 28. Rxf1 Rxf1+ 29. Bxf1 Ne5 30. g3 Be6 31. a3 e3 32. Kg1 Bg4 33. h3 e2 34. Bxe2 Bxe2 35. Kf2 Bc4 36. Ke3 Be6 37. Kd4 Nd7 38. Ng6+ Kg8 39.
Nf4 Kf7 0-1

[Event "Late-Titled-Tuesday-Blitz-August-29-2023"]
[Site "Chess.com"]
[Date "2023.08.29"]
[Round "9"]
[White "Chemim21"]
[Black "cthulhuuu"]
[Result "0-1"]
[WhiteElo "2299"]
[BlackElo "2472"]
[TimeControl "180+1"]
[EndTime "15:42:34 PDT"]
[Termination "cthulhuuu won by resignation"]

1. d4 Nf6 2. Nf3 g6 3. c4 Bg7 4.
Nc3 O-O 5. e4 d6 6. Be2 e5 7.
dxe5 dxe5 8. Qxd8 Rxd8 9. O-O c6 10. Bg5 Re8 11. h3 h6 12. Be3 Be6 13. b4 Nbd7 14. a4 Nb6 15. c5 Nc4 16. Bxc4 Bxc4 17. Rfc1 Bd3 18. Nd2 Rad8 19. f3 Nh5 20. Kf2 Nf4 21. b5 h5 22. h4 Bh6 23. a5 Bxb5 24. Nxb5 Nd3+ 25. Ke2 Nxc1+ 26. Rxc1 Bxe3 27. Nd6 Bxd2 28. Kxd2 Re6 29. Rb1 b6 30. axb6 axb6 31. Ke3 bxc5 32. Nc4 Rd4 33. Rc1 Re7 34. g3 f6 35. Na5 Ra7 36. Rxc5 Ra4 37. Nxc6 Rc7 38. Rc2 Ra3+ 39. Ke2 Kf8 40. g4 hxg4 41. fxg4 Rh3 42. h5 Rh2+ 43. Kd3 Rxc2 0-1

[Event "Late-Titled-Tuesday-Blitz-August-29-2023"]
[Site "Chess.com"]
[Date "2023.08.29"]
[Round "9"]
[White "zeitnot2006"]
[Black "betta2004"]
[Result "1-0"]
[WhiteElo "2753"]
[BlackElo "2573"]
[TimeControl "180+1"]
[EndTime "15:42:36 PDT"]
[Termination "zeitnot2006 won on time"]

1. e4 e5 2. d4 exd4 3. Qxd4 Nc6 4. Qe3 Nf6 5. Bd2 Bd6 6. c4 Qe7 7. Nc3 Bc5 8. Qd3 Nb4 9. Qb1 a5 10. a3 Nc6 11. Bd3 O-O 12. Nge2 Ng4 13. Nd1 Nce5 14. h3 Qh4 15. O-O d6 16. hxg4 Bxg4 17. Ne3 f5 18.
f4 fxe4 19. fxe5 Rxf1+ 20. Qxf1 Rf8 21. Qe1 Qh6 22. Qg3 exd3 23. Nc3 Bd4 24. Rf1 Rxf1+ 25.
Kxf1 Qh1+ 26. Kf2 Be2 27. Nxe2 dxe2 28. Kxe2 Bxe5 29. Qf3 Qb1 30. Qxb7 Qg6 31. Qd5+ Kf8 32. Qa8+ Ke7 33. Qf3 Qb1 34. Nd5+ Kd7 35. b4 1-0